 Dungeon Crawl Stone Soup version 0.31-a0-7-g51783674b7 (webtiles) character file.

Game seed: 258563531282678845

23 avis the Sneak (level 2, -1/15 HPs)
             Began as a Vine Stalker Brigand on May 6, 2023.
             Slain by Robin
             ... wielding a +4 spear
              (4 damage)
             ... on level 2 of the Dungeon.
             The game lasted 00:04:30 (1108 turns).

avis the Sneak (Vine Stalker Brigand)               Turns: 1108, Time: 00:04:30

Health: -1/15      AC:  3    Str: 13    XL:     2   Next: 95%
Magic:  0/3        EV: 12    Int: 11    God:
Gold:   8          SH:  0    Dex: 15    Spells: 1/1 levels left

rFire   . . .        a - +2 dagger
rCold   . . .        (no shield)
rNeg    . . .        b - +0 robe
rPois   .            (no helmet)
rElec   .            c - +0 cloak
rCorr   .            (no gloves)
SInv    .            (no boots)
Will    .....        (no amulet)
Stlth   +++          (no ring)
HPRegen 0.22/turn    (no ring)
MPRegen 0.08/turn

%: guardian spirit
@: no status effects
A: fangs 2, magic shield, antimagic bite, no potion heal 2
a: no special abilities


You were on level 2 of the Dungeon.
You visited 1 branch of the dungeon, and saw 2 of its levels.

You collected 8 gold pieces.

Inventory:

Hand Weapons
 a - a +2 dagger (weapon)
Missiles
 d - 9 poisoned darts (quivered)
 e - 3 curare-tipped darts
Armour
 b - a +0 robe (worn)
 c - a +0 cloak (worn)
Scrolls
 f - a scroll of teleportation {unknown}
 h - 2 scrolls of identify {unknown}
 i - 3 scrolls of amnesia {unknown}
Potions
 g - a potion of lignification {unknown}
 j - a potion of attraction {unknown}


   Skills:
 + Level 2.1 Fighting
 * Level 2.4 Short Blades
 - Level 1.7 Throwing
 + Level 1.2 Dodging
 - Level 4.8 Stealth


You had one spell level left.
You didn't know any spells.
Your spell library contained the following spells:

 Spells                   Type           Power      Damage    Failure   Level
 Beastly Appendage        Tmut           0%         N/A       34%         1
 Wereblood                Tmut           0%         N/A       47%         2
 Spider Form              Tmut/Pois      0%         N/A       71%         3


Dungeon Overview and Level Annotations

Branches:
Dungeon (2/15)

Altars:

Annotations:
D:2 Robin


Innate Abilities, Weirdness & Mutations

You have extremely sharp teeth.
When hurt, damage is shared between your health and your magic reserves.
Your bite disrupts and absorbs the magic of your enemies.
Potions cannot restore your health.


Message History

The goblin is moderately wounded.
You hit the goblin. You bite the goblin, but do no damage.
The goblin is heavily wounded.
The goblin no longer looks unusually strong.
The goblin hits you but does no damage.
You hit the goblin.
You kill the goblin!
Things that are here:
a +0 dagger; a goblin corpse
There is a stone staircase leading down here.
Magic restored.
HP restored.
There is a stone staircase leading down here.
You climb downwards.
Level annotation: Robin
There is a stone staircase leading up here.
Robin is nearby!
There is an escape hatch in the floor here.
A hobgoblin comes into view.
The hobgoblin shouts!
You hear a shout!
Robin throws the goblin at you! The goblin closely misses you.
Robin roars a battlecry!
The goblins go into a battle-frenzy!
The hobgoblin hits you.
You hit Robin but do no damage. You bite Robin. You drain their power.
You feel invigorated.
Robin is moderately wounded.
Robin completely misses you.
A kobold comes into view. It is wielding a +0 dagger.
The goblin hits you with a +0 club. The hobgoblin barely misses you.
You hit Robin but do no damage.
Robin is moderately wounded.
Robin hits you with a +4 spear.
* * * LOW HITPOINT WARNING * * *
The goblin closely misses you.
The hobgoblin hits you but does no damage.
You hit Robin. Your bite misses Robin.
Robin is moderately wounded.
Robin hits you with a +4 spear.
You die...

####### #.†...#
#..<..#
########.....#
.......>.#####
########g#
#..g@#
.K.....g...#
..##.######....
#.... .. #..###
..# .# #.##.#
#.#..# #.#..#


You could see Robin, a hobgoblin (strong), a goblin (strong) and a kobold.

Vanquished Creatures
  A dart slug (D:1)
  3 ball pythons (D:1)
  An endoplasm (D:1)
  2 giant cockroaches (D:1)
  A goblin (D:1)
  A hobgoblin (D:1)
  3 jackals (D:1)
  2 bats
  A frilled lizard (D:1)
  2 kobolds (D:1)
  2 rats (D:1)
19 creatures vanquished.

Notes
Turn   | Place    | Note
-------+----------+-------------------------------------------
     0 | D:1      | avis the Vine Stalker Brigand began the quest for the Orb.
     0 | D:1      | Reached XP level 1. HP: 11/11 MP: 2/2
   148 | D:1      | Reached skill level 1 in Dodging
   279 | D:1      | Reached XP level 2. HP: 15/15 MP: 3/3
  1023 | D:2      | Noticed Robin
  1108 | D:2      | Slain by Robin

Illustrated notes

Levels and vault maps discovered:
D:1:      psy_arrival_basics, layout_basic, chequers_serial_rivers_room_b,
          st_stairs_13, nrook_loot_triangle, corexii_leaking_fountain
D:2:      layout_rooms, uniq_robin

Skill      XL: |  1 |
---------------+----+-----
Short Blades   | 2 |  2.4
Dodging        | 1 |  1.2
Fighting       | 2 |  2.1
Throwing       | |  1.7
Stealth        | |  4.8

Action                     || total
---------------------------++-------
  Melee: Dagger            ||    45
         Bite              ||    11
   Stab: Sleeping          ||     7
 Armour: Robe              ||    15
  Dodge: Dodged            ||    26

Table legend: (Time is in decaauts)
 A = Elapsed time spent in this place.
 B = Non-inter-level travel time spent in this place.
 C = Inter-level travel time spent in this place.
 D = Time resting spent in this place.
 E = Time spent auto-exploring this place.
 F = Levels seen in this place.
 G = Mean time per level.
                   A        B        C        D        E       F      G
               +--------+--------+--------+--------+--------+-----+--------+
         Total |   1107 |    919 |    188 |      0 |    679 |   2 |  553.5 |
       Dungeon |   1107 |    919 |    188 |      0 |    679 |   2 |  553.5 |
               +--------+--------+--------+--------+--------+-----+--------+

Top non-repeatable levels by time:
     D:1: 1067 daAuts
     D:2: 39 daAuts
